 Dungeon Crawl Stone Soup version 0.26-a0-812-g31a745ddcd (webtiles) character file.

Game seed: 3970347319176482527

1620 mkm the Covered (level 8, -10/70 HPs)
             Began as a Minotaur Berserker on Nov 18, 2020.
             Was an Elder of Trog.
             Killed by divine providence
             ... invoked by an orc priest
              (14 damage)
             ... on level 6 of the Dungeon on Nov 19, 2020.
             The game lasted 00:20:51 (6070 turns).

mkm the Covered (Minotaur Berserker)                Turns: 6070, Time: 00:20:52

Health: -10/70     AC: 15    Str: 24    XL:     8   Next: 64%
Magic:  7/7        EV:  8    Int:  4    God:    Trog [****..]
Gold:   369        SH:  0    Dex: 10    Spells: 7/7 levels left

rFire    . . .     SeeInvis .   h - +0 short sword
rCold    . . .     Faith    .   (no shield)
rNeg     . . .     Spirit   .   o - +0 plate armour
rPois    .         Reflect  .   (helmet restricted)
rElec    .         Harm     .   i - +0 cloak
rCorr    .         Rampage  .   g - +0 pair of gloves
MR       ++...                  (no boots)
Stlth    ..........             l - amulet of regeneration
HPRegen  1.61/turn              (no ring)
MPRegen  0.10/turn              (no ring)

@: mighty, lethally poisoned (-10 -> -10), berserk cooldown, regenerating,
slowed, very slow
A: retaliatory headbutt, horns 2
a: Berserk, Trog's Hand, Brothers in Arms, Renounce Religion


You were on level 6 of the Dungeon.
You worshipped Trog.
Trog was greatly pleased with you.
You visited 1 branch of the dungeon, and saw 6 of its levels.
You also visited: Sewer.

You collected 369 gold pieces.

Inventory:

Hand Weapons
 a - a +0 mace
 h - a +0 short sword (weapon)
Missiles
 b - 136 stones (quivered)
Armour
 g - a +0 pair of gloves (worn)
 i - a +0 cloak (worn)
 o - a +0 plate armour (worn)
Jewellery
 l - an amulet of regeneration (around neck)
 p - a +4 ring of slaying {unknown}
 r - an uncursed ring of protection from fire {unknown}
Wands
 n - a wand of paralysis (9)
 t - a wand of iceblast (10)
Scrolls
 c - 3 scrolls of teleportation
 d - 5 scrolls of remove curse
 e - a scroll of enchant weapon {unknown}
 j - a scroll of fog
 k - 6 scrolls of identify
 q - 2 scrolls of fear
Potions
 m - a potion of ambrosia


   Skills:
 + Level 6.2 Fighting
 + Level 7.1 Short Blades
 + Level 5.2 Maces & Flails
 + Level 7.2 Armour
 + Level 4.3 Dodging
 + Level 1.3 Stealth


You had 7 spell levels left.
You didn't know any spells.
Your spell library was empty.

Dungeon Overview and Level Annotations

Branches:
Dungeon (6/15)             Temple (0/1) D:6           Sewer (visited)

Altars:
Cheibriados
Gozag
Okawaru
Qazlal
Vehumet


Innate Abilities, Weirdness & Mutations

You reflexively headbutt those who attack you in melee.
You have a pair of horns on your head.


Message History

The orc wizard hits your polar bear but does no damage.
The orc priest calls upon Beogh to heal the orc.
The orc's wounds heal themselves!
You barely miss something. Your headbutt misses something.
You feel sick. Something hits you but does no damage.
The orc wizard hits your polar bear but does no damage.
Your polar bear is poisoned.
Your polar bear bites the orc wizard.
Your polar bear barely misses the orc wizard.
Your polar bear misses the orc wizard.
Something hits you but does no damage.
You closely miss something.
You feel sick.
Your polar bear bites the orc wizard!!
The orc wizard dies!
Trog accepts your kill.
Trog appreciates your killing of a magic user.
Something hits you but does no damage.
The orc priest miscasts a cantrip.
The orc priest mumbles some strange prayers to Beogh against you.
Beogh smites you!
You die...

.... #..o .....
#..# .#.. #.o# .#.#
# #.#))# ... .
#.#.$# .) #
#.#))### )#
#########.#..oo##.#
#.........(..os.@h#
#.##.>..#.#.#oo####
..##...##.#.#..#
###..####.#.#..#
...............#
.########+####.# .#
#.# .# #.. .#


You could see a scorpion, 2 orc priests, 3 orcs and a friendly polar bear
(summoned, berserk, poisoned).

Vanquished Creatures
  Menkaure (D:6)
  A sky beast (D:5)
  An ogre (D:6)
  2 phantoms (D:5)
  A centaur (D:5)
  4 big kobolds (Sewer)
  Blork the orc (D:6)
  A quasit (D:6)
  4 orc priests
  A hound (D:5)
  6 orc wizards
  3 worker ants (D:5)
  A hound skeleton (D:4)
  A worker ant zombie (D:5)
  15 adders
  A river rat (Sewer)
  2 white imps
  2 ufetubi (D:5)
  4 oozes
  5 worms (Sewer)
  4 dart slugs
  5 leopard geckos
  16 orcs
  5 giant cockroaches
  7 goblins
  7 hobgoblins
  8 jackals
  2 quokkas (D:2)
  3 ball pythons
  3 bats
  8 frilled lizards
  21 kobolds
  A leopard gecko skeleton (D:5)
  19 rats
166 creatures vanquished.

Vanquished Creatures (collateral kills)
  An orc wizard (D:6)
1 creature vanquished.

Vanquished Creatures (others)
  2 plants (D:3)
2 creatures vanquished.

Grand Total: 169 creatures vanquished

Notes
Turn   | Place    | Note
-------+----------+-------------------------------------------
     0 | D:1      | mkm the Minotaur Berserker began the quest for the Orb.
     0 | D:1      | Reached XP level 1. HP: 19/19 MP: 0/0
   172 | D:1      | Reached XP level 2. HP: 23/27 MP: 1/1
   708 | D:1      | Reached XP level 3. HP: 27/33 MP: 2/2
   874 | D:1      | Reached ** piety under Trog
  1569 | D:2      | Reached XP level 4. HP: 36/40 MP: 3/3
  1576 | D:2      | Reached skill level 5 in Maces & Flails
  1773 | D:2      | Reached skill level 1 in Short Blades
  2393 | D:3      | Reached XP level 5. HP: 47/47 MP: 4/4
  2683 | D:3      | Reached *** piety under Trog
  3100 | D:3      | Reached skill level 5 in Fighting
  3100 | D:3      | Reached skill level 1 in Stealth
  3361 | D:3      | Found a faded altar of an unknown god.
  3653 | D:4      | Reached XP level 6. HP: 53/56 MP: 5/5
  3776 | D:4      | Found a stormy altar of Qazlal.
  3786 | D:4      | Found a snail-covered altar of Cheibriados.
  3802 | D:4      | Found an iron altar of Okawaru.
  3881 | D:4      | Reached **** piety under Trog
  3882 | D:4      | Found a glowing drain.
  3891 | Sewer    | Entered a sewer
  4199 | Sewer    | Reached XP level 7. HP: 60/61 MP: 6/6
  4871 | D:5      | Entered Level 5 of the Dungeon
  4905 | D:5      | Reached skill level 5 in Short Blades
  4905 | D:5      | Reached skill level 5 in Armour
  5125 | D:5      | Reached XP level 8. HP: 67/70 MP: 7/7
  5408 | D:5      | Found an opulent altar of Gozag.
  5409 | D:5      | Found a radiant altar of Vehumet.
  5939 | D:6      | Noticed Blork the orc
  5958 | D:6      | Killed Blork the orc
  5999 | D:6      | Found a staircase to the Ecumenical Temple.
  6025 | D:6      | Noticed Menkaure
  6037 | D:6      | Reached ***** piety under Trog
  6045 | D:6      | Killed Menkaure
  6065 | D:6      | HP: 3/70 [poisoned by a scorpion]
  6070 | D:6      | Killed from afar by an orc priest

Illustrated notes

Levels and vault maps discovered:
D:1:      lordsloth_arrival_two_stooges, layout_basic, grunt_decor_one_mirror,
          kennysheep_doodads, minmay_distorted
D:2:      layout_rooms, minmay_misc_feat_nine_boxes, chequers_decorated_corner
D:3:      layout_loops_corners, chequers_ecumenical_altar_lobes
D:4:      layout_cave_pools, minitemple, portal_sewer_entry_d
D:5:      layout_basic, grunt_temple_overflow_open, st_stairs_11,
          kennysheep_decorative_pillar
D:6:      layout_basic, lemuel_crystal_altar,
          chequers_temple_overflow_statue_of_worship,
          minmay_temple_entry_butterflies, nicolae_ossuary_entry_monument,
          hangedman_abyss_or_decor_stabs, minmay_manual_monstrance, uniq_pikel,
          uniq_menkaure, uniq_duvessa, uniq_blork_the_orc

Skill      XL: |  1  2  3  4  5  6  7  8 |
---------------+-------------------------+-----
Fighting       | 4 5 6 |  6.2
Maces & Flails | 4 5 |  5.2
Short Blades   | 1 2 4 5 7 |  7.1
Dodging        | 3 4 |  4.3
Stealth        | 1 |  1.3
Armour         | 4 5 7 |  7.2

Action                   |  1- 3 |  4- 6 |  7- 9 || total
-------------------------+-------+-------+-------++-------
Melee: Mace              |    49 |       |       ||    49
       Headbutt          |    14 |    26 |    43 ||    83
       Short sword       |    48 |   216 |   197 ||   461
Invok: Berserk           |       |     2 |     3 ||     5
       Trog's Hand       |       |       |     2 ||     2
       Brothers in Arms  |       |       |     1 ||     1
  Use: Potion            |       |     5 |     8 ||    13
       Scroll            |       |     5 |     5 ||    10
 Stab: Distracted        |     1 |       |       ||     1
Armor: Animal skin       |    19 |     9 |       ||    28
       Leather armour    |       |    12 |       ||    12
       Chain mail        |       |    61 |       ||    61
       Plate armour      |       |       |   133 ||   133
Dodge: Dodged            |    72 |   113 |    73 ||   258

Table legend: (Time is in decaauts)
 A = Elapsed time spent in this place.
 B = Non-inter-level travel time spent in this place.
 C = Inter-level travel time spent in this place.
 D = Time resting spent in this place.
 E = Time spent auto-exploring this place.
 F = Levels seen in this place.
 G = Mean time per level.
                   A        B        C        D        E       F      G
               +--------+--------+--------+--------+--------+-----+--------+
         Total |   6242 |   6102 |    140 |    130 |   4191 |   7 |  891.7 |
       Dungeon |   5339 |   5199 |    140 |    130 |   3731 |   6 |  889.8 |
         Sewer |    903 |    903 |      0 |      0 |    460 |   1 |  903.0 |
               +--------+--------+--------+--------+--------+-----+--------+

Top non-repeatable levels by time:
     D:3: 1259 daAuts
     D:2: 1200 daAuts
     D:1: 1171 daAuts
     D:5: 1047 daAuts
   Sewer: 903 daAuts
     D:4: 527 daAuts
     D:6: 131 daAuts
